 Dungeon Crawl Stone Soup version 0.27.0-1-g7a08968 (webtiles) character file.

Game seed: 14604394867982738142

72 BALLS the Shield-Bearer (level 4, -3/24 HPs)
             Began as a Vine Stalker Fighter on Jan 24, 2022.
             Killed by divine providence
             ... invoked by an orc priest
              (14 damage)
             ... on level 3 of the Dungeon.
             The game lasted 00:02:51 (1757 turns).

BALLS the Shield-Bearer (Vine Stalker Fighter)      Turns: 1757, Time: 00:02:53

Health: -3/24      AC:  7    Str: 20    XL:     4   Next: 25%
Magic:  0/5        EV:  7    Int:  8    God:
Gold:   91         SH:  9    Dex: 13    Spells: 3/3 levels left

rFire    . . .     SeeInvis .   a - +0 long sword
rCold    . . .     Faith    .   c - +0 kite shield
rNeg     . . .     Spirit   +   b - +0 scale mail
rPois    .         Reflect  .   (no helmet)
rElec    .         Harm     .   (no cloak)
rCorr    .         Rampage  .   e - +0 pair of gloves
Will     .....                  (no boots)
Stlth    ..........             (no amulet)
HPRegen  1.08/turn              (no ring)
MPRegen  0.09/turn              (no ring)

@: no status effects
A: fangs 2, regeneration 1, magic shield, antimagic bite, no potion heal 2
a: no special abilities


You were on level 3 of the Dungeon.
You visited 1 branch of the dungeon, and saw 3 of its levels.

You collected 91 gold pieces.

Inventory:

Hand Weapons
 a - a +0 long sword (weapon)
Armour
 b - a +0 scale mail (worn)
 c - a +0 kite shield (worn)
 e - a +0 pair of gloves (worn)
Scrolls
 g - a scroll of teleportation {unknown}
 h - 2 scrolls of amnesia {unknown}
 i - a scroll of silence {unknown}
 k - a scroll of fog {unknown}
 m - a scroll of identify {unknown}
Potions
 d - a potion of might
 f - a potion of cancellation {unknown}
 j - a potion of haste {unknown}
 l - a potion of curing {unknown}
 n - a potion of invisibility {unknown}


   Skills:
 + Level 3.1 Fighting
 + Level 2.6 Long Blades
 + Level 2.7 Armour
 + Level 0.2 Dodging
 + Level 0.2 Stealth
 + Level 3.2 Shields


You had 3 spell levels left.
You didn't know any spells.
Your spell library contained the following spells:

 Spells                   Type           Power      Damage    Failure   Level
 Sting                    Tmut/Pois      0%         1d3       99%         1
 Poisonous Vapours        Pois/Air       0%         N/A       100%        2
 Olgreb's Toxic Radiance  Pois           0%         N/A       100%        4


Dungeon Overview and Level Annotations

Branches:
Dungeon (3/15)

Altars:

Shops:
D:2 *


Innate Abilities, Weirdness & Mutations

You have extremely sharp teeth.
Your natural rate of healing is unusually fast.
When hurt, damage is shared between your health and your magic reserves.
Your bite disrupts and absorbs the magic of your enemies.
Potions cannot restore your health.


Message History

An orc comes into view. It is wielding a +0 club.
An orc comes into view. It is wielding a +0 whip.
The orc shouts!
The orc barely misses you.
You barely miss the orc. The orc hits you but does no damage.
You are poisoned.
You completely miss the orc. You bite the orc. You drain its power.
The orc is severely wounded.
You feel very sick. The orc barely misses you.
You riposte.
You slash the orc!
You kill the orc!
The orc priest mumbles some strange prayers to Beogh against you.
Beogh smites you!
You hit the orc. You bite the orc. You drain its power.
You feel invigorated.
The orc is moderately wounded.
You feel very sick. You block the orc's attack.
You feel sick.
You hit the orc. You bite the orc.
You kill the orc!
You feel sick.
Your scale mail prevents you from hitting the orc priest.
You feel sick. You block the orc priest's attack.
You closely miss the orc priest.
You feel sick.
You are no longer poisoned.
The orc priest completely misses you. The orc priest barely misses you.
You riposte.
You closely miss the orc priest. Your bite misses the orc priest.
Your scale mail prevents you from hitting the orc priest.
You block the orc priest's attack.
You closely miss the orc priest. The orc priest hits you with a +0 club.
You block the orc priest's attack.
You closely miss the orc priest. Your bite misses the orc priest.
The orc priest hits you with a +0 club.
You slash the orc priest!
The orc priest is heavily wounded.
The orc priest hits you with a +0 club.
The orc priest calls down the wrath of Beogh upon you.
Beogh smites you!
Ouch! That really hurt!
You die...

..## #.#. #.#. #.#.
#.#. #.#. ######## #...
#......###########
#.###.
#.####...@oo......
#.....
#.##.#############
###### #....#
#....#...# #... ##...#
#.##.#.#.#######.##
#.###
#.##.#.#.#.....#.#
#...#
#.##.#.........#.#
###.#
#.##.###.###...#.# #.#
#.##.....###..<#.#
#.###.##......##..##.##


You could see an orc priest and an orc.

Vanquished Creatures
  2 adders (D:2)
  2 worms
  A dart slug (D:1)
  2 orcs (D:3)
  6 ball pythons
  2 endoplasms (D:3)
  2 giant cockroaches (D:2)
  3 goblins
  6 hobgoblins
  6 kobolds
  2 quokkas
  A ball python zombie (D:1)
  5 bats
  A frilled lizard (D:3)
  A jackal zombie (D:1)
  A rat (D:2)
43 creatures vanquished.

Notes
Turn   | Place    | Note
-------+----------+-------------------------------------------
     0 | D:1      | BALLS the Vine Stalker Fighter began the quest for the Orb.
     0 | D:1      | Reached XP level 1. HP: 11/11 MP: 2/2
    87 | D:1      | You fall into a shaft and drop 1 floor!
   178 | D:1      | Reached XP level 2. HP: 16/16 MP: 3/3
   635 | D:2      | Reached XP level 3. HP: 16/20 MP: 4/4
   772 | D:2      | Found a faded altar of an unknown god.
  1454 | D:2      | Found Cirejouj's General Store.
  1517 | D:2      | Gained mutation: Your natural rate of healing is unusually
                  | fast. [Vine Stalker growth]
  1517 | D:2      | Reached XP level 4. HP: 24/24 MP: 5/5
  1757 | D:3      | Killed from afar by an orc priest

Illustrated notes

Levels and vault maps discovered:
D:1:      saegor_arrival_fortress, layout_basic
D:2:      layout_basic, shapermc_ecumenical_altar_starsandcircs, serial_shops,
          nicolae_diamond_shop
D:3:      layout_basic, minmay_misc_feat_iff

Skill      XL: |  1  2 |
---------------+-------+-----
Fighting       | 3 |  3.1
Shields        | 3 |  3.2
Long Blades    | 2 |  2.6
Armour         | |  2.7
Dodging        | |  0.2
Stealth        | |  0.2

Action                   |  1- 3 |  4- 6 || total
-------------------------+-------+-------++-------
Melee: Long sword        |    76 |    22 ||    98
       Bite              |    19 |     7 ||    26
Armor: Scale mail        |    33 |     3 ||    36
Dodge: Dodged            |    19 |     7 ||    26
Block: Kite shield       |    35 |     7 ||    42
       Rpst.: Long sword |     9 |     4 ||    13
